[Event "Live Chess"]
[Site "Chess.com"]
[Date "2023.05.20"]
[Round "-"]
[White "Fayn02"]
[Black "Demyan7777"]
[Result "0-1"]
[WhiteElo "1019"]
[BlackElo "1626"]
[TimeControl "300"]
[EndTime "9:26:49 PDT"]
[Termination "Demyan7777 won by resignation"]

1. d4 Nf6 2. Bf4 d5 3. Nf3 e6 4.
e3 Be7 5. Bd3 O-O 6. c3 c5 7. Nbd2 c4 8. Bc2 b5 9. O-O a5 10. a3 Nc6 11. Ne5 Nxe5 12. Bxe5 Bb7 13. Nf3 Nd7 14. Qb1 b4 15. Bxh7+ Kh8 16. cxb4 axb4 17. Bc2 bxa3 18. bxa3 Qb6 19. Qxb6 Nxb6 20. a4 f6 21. Bc7 Nd7 22. a5 Rfc8 23. Bb6 Nxb6 24. axb6 Bd8 25. Rxa8 Rxa8 26. Rb1 Ra6 27. Nh4 Bxb6 28. Ng6+ Kg8 29. Nf4 Kf7 30. Bh7 g5 31.
Ne2 Bc6 32. Bc2 Bc7 33. Nc3 Ra3 34. Ne2 Ra2 35. Rc1 Bd6 36. Nc3 Ra3 37. Bd1 Bb4 38. Ne2 Ra2 39. Ng3 Ba3 40. Rb1 c3 41. Rb3 c2 42. Bxc2 Rxc2 43. Rxa3 Rc1+ 44. Nf1 Bb5 45.
Ra7+ Kg6 46. h3 Rxf1+ 47. Kh2 Rxf2 48. Re7 Bf1 49. Rxe6 Rxg2+ 50. Kh1 Rg3 51. Kh2 Rxh3+ 52.
Kg1 Bd3 53. Kg2 Rh4 54. Kf3 Be4+ 55. Ke2 Rh2+ 56. Kf1 Kf5 57. Kg1 Rg2+ 58. Kf1 Kxe6 59. Ke1 g4 60. Kf1 g3 0-1

[Event "Live Chess"]
[Site "Chess.com"]
[Date "2023.05.20"]
[Round "-"]
[White "McSlash1"]
[Black "LodeshChess"]
[Result "1-0"]
[WhiteElo "2068"]
[BlackElo "874"]
[TimeControl "300"]
[EndTime "9:26:53 PDT"]
[Termination "McSlash1 won by checkmate"]

1. e4 c6 2. d4 d5 3. Nc3 dxe4 4. Nxe4 Bf5 5. Ng3 Bg6 6. h4 h6 7. Nf3 Nd7 8. h5 Bh7 9. Bd3 Bxd3 10. Qd2 e6 11. Qxd3 Ngf6 12. Bd2 Bd6 13. O-O-O Bxg3 14. fxg3 O-O 15. Qe2 Nb6 16. Ne5 Nbd5 17. g4 Qb6 18. g5 hxg5 19. h6 g6 20. Bxg5 Kh7 21. Qf3 Qa5 22.
a3 Ng8 23. c4 Nc7 24. Bd2 Qa4 25.
Nd7 Qxc4+ 26. Kb1 Nb5 27. Nf6+ Nxf6 28. Qxf6 Qd3+ 29. Ka1 Rg8 30. Qxf7+ Kh8 31. d5 Qxd5 32. Bc3+ Rg7 33. Qxg7# 1-0

[Event "Live Chess"]
[Site "Chess.com"]
[Date "2023.05.20"]
[Round "-"]
[White "Zeraora719"]
[Black "tomdot"]
[Result "1-0"]
[WhiteElo "1305"]
[BlackElo "224"]
[TimeControl "300"]
[EndTime "9:26:57 PDT"]
[Termination "Zeraora719 won on time"]

1. e4 e5 2. Nf3 Nc6 3. Bb5 a6 4.
Ba4 b5 5. Bb3 Bc5 6. Nc3 b4 7.
a4 Nf6 8. O-O O-O 9. d3 d5 10.
exd5 Nxd5 11. Nxd5 Bg4 12. c4 Re8 13. Qe1 Bd6 14.
Nxb4 Nxb4 15. Bd2 a5 16. Bg5 f6 17. Bd2 Nc2 18. Bxc2 e4 19. Nd4 e3 20. Bxe3 Bf4 21. Nc6 Qd7 22. Nxa5 Be2 23. Qxe2 Rxa5 24. b4 Rae5 25.
a5 Rxe3 26. Qd2 Qxd3 27. fxe3 Qxe3+ 28. Qxe3 Bxe3+ 29. Kh1 Re4 30. a6 Rxc4 31. Bd3 Rxb4 32. a7 Rd4 33. a8=Q+ Kf7 34. Qa2+ Kf8 35. Bxh7 1-0

[Event "Live Chess"]
[Site "Chess.com"]
[Date "2023.05.20"]
[Round "-"]
[White "daveeeeR"]
[Black "risinghelios"]
[Result "0-1"]
[WhiteElo "1255"]
[BlackElo "1954"]
[TimeControl "300"]
[EndTime "9:26:58 PDT"]
[Termination "risinghelios won by resignation"]

1. d4 Nf6 2. Bf4 d5 3. Nf3 Bg4 4. Nbd2 e6 5. e3 Bd6 6. Bg3 Bxg3 7.
hxg3 Nbd7 8. c3 c6 9. Qb3 O-O 10. Be2 Nb6 11. Qc2 h6 12. Ne5 Bxe2 13. Kxe2 Nfd7 14.
Ng4 Nf6 15. Nxh6+ gxh6 16. Rxh6 Kg7 17. Rah1 Nc4 18. e4 Nxd2 19. Kxd2 Nxe4+ 20. Kc1 Qg5+ 21. Kb1 Qxh6 22. Rxh6 Kxh6 23. f3 Nf6 24. Qd2+ Kg6 25. Qf4 Rh8 26. a3 Nh5 27. Qg4+ Kf6 28. f4 Ke7 29. f5 Nf6 30. Qg5 Rag8 31. Qe3 Rg4 32.
fxe6 fxe6 33. Qf3 Rhg8 34. Qd1 Rxg3 35. Qa4 a6 36. Qb3 Rxg2 37. Qxb7+ Nd7 38. Qxc6 Rf2 39. Qb7 Rg1+ 40. Ka2 Rgg2 41. Qb4+ Kd8 42. a4 Rxb2+ 43. Qxb2 Rxb2+ 44. Kxb2 Kc7 45. Kb3 Kb6 46. Kb4 e5 47. a5+ Kc6 48. dxe5 Nxe5 49. Ka4 Kc5 50. c4 Nxc4 0-1

[Event "Live Chess"]
[Site "Chess.com"]
[Date "2023.05.20"]
[Round "-"]
[White "Chesscoach_Golichenko"]
[Black "Hacker_2009"]
[Result "1-0"]
[WhiteElo "2644"]
[BlackElo "1928"]
[TimeControl "300"]
[EndTime "9:27:03 PDT"]
[Termination "Chesscoach_Golichenko won by resignation"]

1. d4 Nf6 2. c4 e6 3. Nc3 d5 4. Nf3 Be7 5. Bf4 O-O 6. e3 b6 7. cxd5 Nxd5 8. Nxd5 Qxd5 9. a3 Bb7 10. Bd3 c5 11. dxc5 Bxc5 12. O-O Qh5 13. Ne5 Nc6 14. Qxh5 1-0

[Event "Live Chess"]
[Site "Chess.com"]
[Date "2023.05.20"]
[Round "-"]
[White "OBrightwell100"]
[Black "aliciabutteriss"]
[Result "1-0"]
[WhiteElo "1330"]
[BlackElo "512"]
[TimeControl "300"]
[EndTime "9:27:07 PDT"]
[Termination "OBrightwell100 won by resignation"]

1. e4 c6 2. e5 d5 3. d4 e6 4. Nc3 c5 5. dxc5 Bxc5 6. Na4 Qa5+ 7. Nc3 Bd7 8. a3 Bxf2+ 9. Kxf2 Qb6+ 10. Ke1 f6 11. Nf3 Ne7 12. exf6 gxf6 13. Nh4 Rg8 14. Qh5+ Ng6 15. Nxg6 hxg6 16. Qh7 Kf8 17. Bh6+ Rg7 18.
Qxg7+ Ke8 19. Qxg6+ Kd8 20. Qxf6+ Kc7 21. Bf4+ Kc8 22. Qf8+ 1-0

[Event "Live Chess"]
[Site "Chess.com"]
[Date "2023.05.20"]
[Round "-"]
[White "ZackirtyChess"]
[Black "killershark69420"]
[Result "1-0"]
[WhiteElo "1147"]
[BlackElo "296"]
[TimeControl "300"]
[EndTime "9:27:10 PDT"]
[Termination "ZackirtyChess won by resignation"]

1. e4 e5 2. Nf3 Nf6 3. Nxe5 Nxe4 4. Qe2 Bd6 5. Qxe4 Bxe5 6. Qxe5+ Qe7 7. Qxe7+ Kxe7 8.
Nc3 Nc6 9. Bc4 Ne5 10. Bb3 b6 11. O-O Bb7 12. Re1 d6 13. d4 f6 14. dxe5 dxe5 15. Bd5 Bxd5 16. Nxd5+ Ke6 17. Nxc7+ Kd7 18. Nxa8 1-0

[Event "Live Chess"]
[Site "Chess.com"]
[Date "2023.05.20"]
[Round "-"]
[White "OSmith06"]
[Black "Bob2pen"]
[Result "0-1"]
[WhiteElo "1738"]
[BlackElo "1814"]
[TimeControl "300"]
[EndTime "9:27:11 PDT"]
[Termination "Bob2pen won by resignation"]

1. e4 e6 2. d4 d5 3. Nd2 Nf6 4. e5 Nfd7 5. c3 c5 6. Bd3 Nc6 7. Ne2 cxd4 8. cxd4 f6 9. exf6 Nxf6 10.
O-O Bd6 11. Nf3 O-O 12. Bf4 Bxf4 13. Nxf4 Ne4 14. Ne2 Rxf3 15. gxf3 Ng5 16. Ng3 Nxd4 17. f4 Ngf3+ 18. Kh1 Qh4 19. Bxh7+ Kh8 0-1

[Event "Live Chess"]
[Site "Chess.com"]
[Date "2023.05.20"]
[Round "-"]
[White "NatashaRegan"]
[Black "xx_blindpuffin_xx"]
[Result "1/2-1/2"]
[WhiteElo "1876"]
[BlackElo "2187"]
[TimeControl "300"]
[EndTime "9:27:13 PDT"]
[Termination "Game drawn by agreement"]

1. e4 e6 2. c4 d5 3. cxd5 exd5 4. e5 d4 5. Bc4 Nc6 6. f4 Nh6 7. Nf3 Bc5 8. d3 O-O 9. O-O a6 10. Nbd2 Kh8 11. Ne4 Ba7 12. Neg5 Na5 13. Bd2 Nxc4 14. dxc4 Bf5 15. Kh1 Bd3 16. Re1 Bxc4 17. Bb4 Re8 18.
Qc2 d3 19. Qxc4 b5 20. Qe4 c5 21. Qg6 1/2-1/2

[Event "Live Chess"]
[Site "Chess.com"]
[Date "2023.05.20"]
[Round "-"]
[White "HoarseyHorsey"]
[Black "SirEntrails"]
[Result "1-0"]
[WhiteElo "1387"]
[BlackElo "504"]
[TimeControl "300"]
[EndTime "9:27:20 PDT"]
[Termination "HoarseyHorsey won by checkmate"]

1. d4 Nf6 2. c4 Nc6 3. Nf3 e5 4. dxe5 Ne4 5. Nbd2 Bc5 6. Nxe4 O-O 7. Nxc5 d6 8. exd6 cxd6 9. Nb3 Re8 10. Bf4 Bg4 11. e3 Bxf3 12. Qxf3 a6 13. Be2 Ne5 14. Bxe5 dxe5 15. O-O b5 16. cxb5 axb5 17. Bxb5 Re6 18. Bc4 Rf6 19. Qe4 Rg6 20. Rad1 Qg5 21. Rd5 f6 22. Rd8# 1-0

[Event "Live Chess"]
[Site "Chess.com"]
[Date "2023.05.20"]
[Round "-"]
[White "KeithArkell"]
[Black "Ayush_prahlad_Gupta"]
[Result "1-0"]
[WhiteElo "2609"]
[BlackElo "1800"]
[TimeControl "300"]
[EndTime "9:27:23 PDT"]
[Termination "KeithArkell won by checkmate"]

1. d4 d5 2. Nf3 Nf6 3. c4 dxc4 4. e3 Bf5 5. Bxc4 e6 6. Nc3 Nbd7 7. O-O Nb6 8. Bd3 Bg4 9. h3 Bxh3 10. gxh3 Qd7 11.
Ne5 Qd6 12. Nb5 Qe7 13. b3 c6 14. Ba3 Qd8 15. Bxf8 Kxf8 16. Nc3 Nbd7 17. Nxd7+ Qxd7 18. Ne4 e5 19. Qf3 exd4 20. Nxf6 gxf6 21. Bf5 Qd6 22. Rad1 c5 23. exd4 cxd4 24. Rd3 Rg8+ 25. Kh1 Rg5 26. Rfd1 Qe5 27. Be4 f5 28. Bxb7 Rd8 29. b4 Rd6 30.
R3d2 Rh6 31. Rxd4 Rgh5 32. h4 Rxh4+ 33. Rxh4 Rxh4+ 34. Kg2 Qh2+ 35. Kf1 Rh3 36. Qxf5 Qc7 37. Qxh3 Qxb7 38. Qh6+ Ke7 39. Qd6+ Ke8 40. Qd8# 1-0

[Event "Live Chess"]
[Site "Chess.com"]
[Date "2023.05.20"]
[Round "-"]
[White "MartinWalker4"]
[Black "Assassin696969"]
[Result "0-1"]
[WhiteElo "2087"]
[BlackElo "2119"]
[TimeControl "300"]
[EndTime "9:27:24 PDT"]
[Termination "Assassin696969 won on time"]

1. e4 c6 2. d4 d5 3. exd5 cxd5 4. c4 Nf6 5. Nc3 Nc6 6. Nf3 Bg4 7. cxd5 Nxd5 8.
Qb3 Bxf3 9. gxf3 e6 10. Qxb7 Nxd4 11. Bb5+ Nxb5 12. Qc6+ Ke7 13. Qxb5 Nxc3 14. bxc3 Qd7 15. Ba3+ Ke8 16. Qxd7+ Kxd7 17. O-O-O+ Kc6 18. Bxf8 Rhxf8 19. Rd4 Rfd8 20. Rhd1 Rd5 21. Rc4+ Kd6 22. Rh4 Rxd1+ 23. Kxd1 h6 24. Rd4+ Ke7 25. Ra4 a5 26. Kc2 Kd6 27.
Kd3 Ra7 28. f4 f6 29. Kd4 g5 30. fxg5 hxg5 31. c4 Rh7 32. c5+ Kc6 33. Rxa5 e5+ 34. Ke3 Rxh2 35. Ra6+ Kxc5 36. Rxf6 Kd5 37. a4 Rh7 38. a5 Rg7 39. a6 g4 40. Rb6 Ra7 41. Rg6 Kc4 42. Ke4 Kc3 43. Kxe5 Kd2 44. Kd5 Ke2 45. Rf6 Rg7 46. Kc5 g3 47. fxg3 Rxg3 48.
a7 Ra3 49. Kb6 Ke3 50. Rc6 Ke4 51. Kb7 Rb3+ 52. Kc8 Rd3 53. a8=Q Kd5 54. Rc3+ Kd4 0-1

[Event "Live Chess"]
[Site "Chess.com"]
[Date "2023.05.20"]
[Round "-"]
[White "amazinggoalkeeper"]
[Black "BearFromUkraine"]
[Result "0-1"]
[WhiteElo "499"]
[BlackElo "1190"]
[TimeControl "300"]
[EndTime "9:27:24 PDT"]
[Termination "BearFromUkraine won by resignation"]

1. e4 e5 2. Nf3 Nc6 3. Bc4 Bc5 4. Nc3 Nf6 5. O-O O-O 6. Bb3 d6 7. Re1 Bg4 8. Nd5 Nd4 9. Nxf6+ Qxf6 10. Re3 Nxf3+ 11. Rxf3 Bxf3 12. Qxf3 Qxf3 13. gxf3 Kh8 14. c3 f5 15. d3 fxe4 16. dxe4 Rxf3 17. Be3 Bxe3 18.
fxe3 Rxe3 19. Bd5 c6 20. Be6 0-1

[Event "Live Chess"]
[Site "Chess.com"]
[Date "2023.05.20"]
[Round "-"]
[White "Krishtwist2013gmailc"]
[Black "ethanredball"]
[Result "0-1"]
[WhiteElo "636"]
[BlackElo "664"]
[TimeControl "300"]
[EndTime "9:27:28 PDT"]
[Termination "ethanredball won by resignation"]

1. d4 d5 2. Nf3 Nf6 3. e4 dxe4 4. Ne5 e6 5. Bb5+ Bd7 6. Bxd7+ Nbxd7 7. Nxd7 Qxd7 8.
Qe2 O-O-O 9. Be3 Bb4+ 10. Nc3 Bxc3+ 11. bxc3 Kb8 12. O-O a6 13. d5 exd5 14. c4 d4 15.
Bf4 h5 16. Rad1 Qe7 17. Bg5 h4 18. Bxf6 Qxf6 19. Qxe4 Qg5 20. Rxd4 Rxd4 21. Qxd4 h3 22. g3 Rd8 23. Qe3 Qxe3 24. fxe3 Re8 25. Rxf7 Rxe3 26. Rf8+ Ka7 27. Rf1 Rc3 28. Rf7 Rxc2 29. Rxg7 Rxc4 30. Kf2 Ra4 31. Rxc7 Rxa2+ 32. Kf3 Rxh2 33. g4 Rg2 34. Rh7 Rb2 35. g5 a5 36. g6 Rg2 37. Rh6 a4 38.
Rh7 a3 39. g7 a2 40. Rh8 a1=Q 41.
g8=Q Rxg8 42. Rxg8 h2 43. Rh8 h1=Q+ 44. Rxh1 Qxh1+ 0-1

[Event "Live Chess"]
[Site "Chess.com"]
[Date "2023.05.20"]
[Round "-"]
[White "Ocelot32"]
[Black "Duke_of_Bebington"]
[Result "1-0"]
[WhiteElo "1384"]
[BlackElo "1551"]
[TimeControl "300"]
[EndTime "9:27:34 PDT"]
[Termination "Ocelot32 won by checkmate"]

1. e4 e5 2. Nf3 Nf6 3. Nxe5 d6 4.
Nf3 Nxe4 5. Bc4 d5 6. Bb3 Bd6 7. d3 Nf6 8. O-O O-O 9. Bg5 Be6 10.
Nc3 Nbd7 11. Bxd5 c6 12. Bxe6 fxe6 13. Ne4 Be7 14. Qe2 Qc7 15. Nxf6+ Nxf6 16. Qxe6+ Kh8 17. Rfe1 Rae8 18. Bxf6 Rxf6 19. Qc4 Rff8 20. Ne5 Bf6 21.
d4 Qd6 22. Re3 Re7 23. Ng6+ hxg6 24. Rh3+ Bh4 25. Rxh4# 1-0

[Event "Live Chess"]
[Site "Chess.com"]
[Date "2023.05.20"]
[Round "-"]
[White "omisoc"]
[Black "PackedNote"]
[Result "1-0"]
[WhiteElo "2087"]
[BlackElo "780"]
[TimeControl "300"]
[EndTime "9:27:34 PDT"]
[Termination "omisoc won by resignation"]

1. b3 e5 2. Bb2 Nc6 3. e3 Nf6 4.
c4 d6 5. a3 g6 6. Nf3 Bg7 7. d4 exd4 8. exd4 Bg4 9. Be2 O-O 10.
O-O Qd7 11. d5 Ne5 12. Nxe5 Bxe2 13. Nxd7 Bxd1 14. Nxf6+ Bxf6 15. Bxf6 Bxb3 16. Nd2 Bc2 17. Rfe1 Bf5 18. f3 c6 19. g4 Bd7 20. Ne4 Rfe8 21.
Nxd6 Rxe1+ 22. Rxe1 cxd5 23. cxd5 b5 24. Re7 1-0

[Event "Live Chess"]
[Site "Chess.com"]
[Date "2023.05.20"]
[Round "-"]
[White "Fazer180"]
[Black "CheckThis4"]
[Result "0-1"]
[WhiteElo "1731"]
[BlackElo "2535"]
[TimeControl "300"]
[EndTime "9:27:42 PDT"]
[Termination "CheckThis4 won on time"]

1. e4 d5 2. exd5 Nf6 3. Nc3 Nxd5 4. Nxd5 Qxd5 5. d4 Nc6 6. Nf3 Bg4 7. c3 e5 8. Be2 O-O-O 9. O-O exd4 10. cxd4 Be7 11.
Be3 Bf6 12. h3 h5 13. Qa4 Kb8 14. Rfd1 Bd7 15. Bc4 Qe4 16. Bxf7 Ne5 17. Bd5 Qxd5 18. dxe5 Bxa4 19. Rxd5 Rxd5 20. exf6 gxf6 21. b3 Bc6 22. Nd4 Bd7 23. Rc1 Rg8 24. Kh1 c5 25. Ne2 b6 26.
Nf4 Rf5 27. Rd1 Bc6 28. Rd6 Kb7 29. a4 h4 30. Rd2 Re5 31. Rd3 Rf5 32. f3 Re5 33. Bf2 c4 34. bxc4 Ra5 35. Nd5 Rxa4 36. Nxf6 Rg6 37. Bxh4 Ra1+ 38. Kh2 Ra2 39. Ng4 Bxf3 40.
Rxf3 a5 41. Rf7+ Ka6 42. Kg3 a4 43. Kf4 Rxg2 44. Kf5 Rc6 45. Rf6 Rxc4 46. Ne3 Rc5+ 47. Ke6 Re2 48. Kd6 Rxe3 49. Bf2 Rd3+ 50. Ke7 Re5+ 51. Kf7 Rb5 52. h4 a3 0-1

[Event "Live Chess"]
[Site "Chess.com"]
[Date "2023.05.20"]
[Round "-"]
[White "bedsdrout"]
[Black "MizYanKo"]
[Result "0-1"]
[WhiteElo "100"]
[BlackElo "603"]
[TimeControl "300"]
[EndTime "9:27:55 PDT"]
[Termination "MizYanKo won by checkmate"]

1. e4 d5 2. Nc3 Qd6 3. d3 e5 4. d4 Qf6 5. dxe5 Qxe5 6. Nf3 Qf6 7. g3 Bc5 8. Bf4 Bb6 9. Qd3 Qc6 10. exd5 Qd6 11.
Qe4+ Qe7 12. Ne5 Nf6 13. Qf3 O-O 14. O-O-O Qc5 15. Ne4 Qxd5 16. Rxd5 Nxd5 17. Nd7 Bxd7 18. Be5 Nc6 19. Bc4 Nxe5 20. Qh5 Nxc4 21. Ng5 Rfe8 22. Qxh7+ Kf8 23. Kd1 Nf6 24. Qh4 Re4 25. f3 Re3 26. Re1 Bc6 27. Rxe3 Nxe3+ 28. Ke2 Rd8 29. Qh8+ Ke7 30. Qxg7 Bb5+ 31. Kf2 Bc4 32. Qxf7+ Bxf7 33. Nh7 Nxh7 34. c4 Rd2+ 35. Ke1 Ba5 36. f4 Rxh2+ 37. b4 Bxb4# 0-1

[Event "Live Chess"]
[Site "Chess.com"]
[Date "2023.05.20"]
[Round "-"]
[White "smoggyrabbit"]
[Black "DenDenTie"]
[Result "0-1"]
[WhiteElo "1632"]
[BlackElo "1545"]
[TimeControl "300"]
[EndTime "9:27:56 PDT"]
[Termination "DenDenTie won on time"]

1. d4 d5 2. Nf3 Nc6 3. e3 Nf6 4. b3 Bg4 5. Bb2 Bxf3 6. Qxf3 e6 7. a3 Bd6 8. Bd3 O-O 9. O-O e5 10. Qd1 e4 11. Be2 Re8 12. c4 dxc4 13. bxc4 Ne7 14. Nc3 Ng6 15. Qb3 b6 16. Rad1 Rb8 17. Nb5 Be7 18. Nxa7 Qd7 19. Nb5 Qe6 20. Nxc7 Qd7 21. Nxe8 Qxe8 22. Qc2 Rc8 23. d5 Qd7 24. Bxf6 Bxf6 25.
Qxe4 Re8 26. Qc2 Rc8 27. Qb3 Ne5 28. Rc1 Qc7 29. Rfd1 Qa7 30. d6 Rd8 31. Rd5 Bg5 32.
c5 Nc6 33. cxb6 Qb7 34. Rcd1 Na5 35. d7 Nxb3 36. R1d3 Qxb6 37. Rd6 Qxd6 0-1

[Event "Live Chess"]
[Site "Chess.com"]
[Date "2023.05.20"]
[Round "-"]
[White "jagbama"]
[Black "Kony20"]
[Result "0-1"]
[WhiteElo "1117"]
[BlackElo "1332"]
[TimeControl "300"]
[EndTime "9:27:58 PDT"]
[Termination "Kony20 won on time"]

1. e4 e5 2. Nf3 Nc6 3. Bc4 Nf6 4. Ng5 d5 5. exd5 Na5 6. Qe2 Nxc4 7. Qxc4 Qxd5 8. Qxc7 Bd6 9. c4 Bxc7 10. cxd5 Nxd5 11. O-O f6 12. Nf3 e4 13. Nd4 Be5 14. Nc3 Bxd4 15. Nxd5 Bb6 16. Re1 f5 17. d3 Be6 18. Nxb6 axb6 19.
dxe4 f4 20. Bxf4 O-O 21. Bc7 b5 22. b3 Rf7 23. Bg3 b6 24. e5 Rfa7 25. Re2 Bxb3 26. Rb1 Bxa2 27. Ra1 Bc4 28. Rxa7 Rxa7 29. Re1 b4 30. f4 b3 31. Rb1 Ra2 32. Be1 b2 33. Bc3 Bd3 34. Rxb2 Ra1+ 35. Kf2 Rf1+ 36. Kg3 b5 37. e6 Kf8 38. Bb4+ Ke8 39. e7 Bg6 40.
Bd6 Kd7 41. Rd2 Ke6 42. Bb4 Bf7 43. Rd8 Rb1 44. e8=Q+ Bxe8 45. Rxe8+ Kd7 46. Re4 Rb3+ 47. Kg4 Rb2 48. Kf3 Rb3+ 49. Kg4 Rb2 50. Rd4+ Ke6 51.
Bd2 Rb3 52. g3 g6 53. h4 Kf6 54. h5 gxh5+ 55. Kxh5 Rxg3 56. Rd6+ Ke7 57. Bb4 Kf7 58. f5 Rh3+ 59. Kg4 Rb3 60. Rd4 Rb1 61. Bc3 Rg1+ 62.
Kh5 Rh1+ 63. Kg4 Rc1 0-1

[Event "Live Chess"]
[Site "Chess.com"]
[Date "2023.05.20"]
[Round "-"]
[White "chessleanstrategist"]
[Black "Greenbecker"]
[Result "0-1"]
[WhiteElo "416"]
[BlackElo "1705"]
[TimeControl "300"]
[EndTime "9:28:02 PDT"]
[Termination "Greenbecker won by checkmate"]

1. c4 Nf6 2. g3 g6 3. Nf3 Bg7 4. Nc3 O-O 5. b3 d6 6. Bb2 Nc6 7. d4 Bf5 8. e3 Nb4 9. Be2 Nc2+ 10. Kf1 Nxa1 11. Bxa1 Ne4 12. Nxe4 Bxe4 13. Bd3 Bxd3+ 14.
Qxd3 e5 15. Kg2 exd4 16. Bxd4 Bxd4 17. Nxd4 Qe7 18. Re1 Rfe8 19. Qe2 Rad8 20. Kf1 Qe4 21. Nb5 Qh1# 0-1

[Event "Live Chess"]
[Site "Chess.com"]
[Date "2023.05.20"]
[Round "-"]
[White "Crowded_House"]
[Black "TheSmoulderingMaster"]
[Result "0-1"]
[WhiteElo "1677"]
[BlackElo "1804"]
[TimeControl "300"]
[EndTime "9:28:04 PDT"]
[Termination "TheSmoulderingMaster won by checkmate"]

1. d4 Nf6 2. Bg5 Ne4 3. Bh4 c6 4. c3 Qb6 5. b3 Na6 6. Nd2 Nxc3 7.
Qc2 Qxd4 8. Ndf3 Qb4 9. Qd2 g6 10. e3 Bg7 11. Rc1 O-O 12. Ne2 d5 13. Nxc3 Bg4 14.
Be2 Bxf3 15. Bxf3 Qxh4 16. O-O e5 17. g3 Qf6 18. Bg2 e4 19. Ne2 Nc7 20. Nf4 Rfe8 21. a4 Rad8 22. b4 d4 23. exd4 Rxd4 24. Qe1 Bh6 25.
Rd1 Rxd1 26. Qxd1 Bxf4 27. gxf4 Qxf4 28. Qd7 Qe5 29. Re1 Re7 30. Qd8+ Kg7 31. Qd2 Nd5 32.
b5 Nf4 33. bxc6 Qg5 34. f3 Nh3+ 35. Kh1 Qxd2 36. Bxh3 Qxe1+ 37. Kg2 exf3+ 38. Kxf3 Qe2+ 39. Kg3 Re3+ 40. Kh4 Re4+ 41. Kg3 h6 42. cxb7 Qd3+ 43. Kg2 Re2+ 44. Kg1 Qd1+ 45. Bf1 Rb2 46. h3 Qd4+ 47. Kh1 Qe4+ 48. Kg1 Qe3+ 49. Kh1 Qf3+ 50.
Kg1 Qg3+ 51. Kh1 Rb1 52. b8=Q Rxf1# 0-1

[Event "Live Chess"]
[Site "Chess.com"]
[Date "2023.05.20"]
[Round "-"]
[White "Daniel_Gliddon_FA"]
[Black "SaraTang"]
[Result "1-0"]
[WhiteElo "1110"]
[BlackElo "168"]
[TimeControl "300"]
[EndTime "9:28:06 PDT"]
[Termination "Daniel_Gliddon_FA won by checkmate"]

1. e4 e5 2. d4 exd4 3. c3 dxc3 4. Bc4 cxb2 5. Bxb2 Bb4+ 6. Nc3 Bxc3+ 7. Bxc3 Nf6 8. e5 Ng4 9. Qxg4 g6 10. e6 fxe6 11.
Bxh8 h6 12. Qxg6+ Ke7 13. Bf6+ Kf8 14. Bxd8 Nc6 15. Qxh6+ Ke8 16. Qh8+ Kf7 17. Qf6+ Kg8 18. Nf3 Nxd8 19. Qxd8+ Kf7 20. Ng5+ Kg6 21. g4 e5 22. h4 e4 23. h5+ Kh6 24. Nf7+ Kg7 25. h6+ Kh7 26. Qh8+ Kg6 27. Qg7# 1-0

[Event "Live Chess"]
[Site "Chess.com"]
[Date "2023.05.20"]
[Round "-"]
[White "JoshMcK"]
[Black "KuriyamaMiraiUA"]
[Result "0-1"]
[WhiteElo "1527"]
[BlackElo "622"]
[TimeControl "300"]
[EndTime "9:28:07 PDT"]
[Termination "KuriyamaMiraiUA won by resignation"]

1. e4 c6 2. d4 d5 3. e5 Bf5 4. h4 e6 5. g4 Be4 6. f3 Bxc2 7.
Qxc2 a5 8. Bd2 Bb4 9. Bxb4 axb4 10. a3 bxa3 11. Rxa3 Rxa3 12. Nxa3 Ne7 13. Bd3 h6 14. f4 g6 15. Nf3 Na6 16. Bxa6 bxa6 17. Qg2 O-O 18. g5 h5 19. O-O Nf5 20. Qe2 Ng3 21.
Qxa6 Nxf1 22. Kxf1 Qa8 23. Qe2 Rb8 24. Ne1 Qb7 25. Nd3 Qa6 26. Ke1 Rb3 27. Qc2 Qxd3 28. Qc1 Qxd4 29. Nc2 Qe4+ 30. Kd1 Rd3+ 31. Qd2 Rxd2+ 32.
Kxd2 0-1

[Event "Live Chess"]
[Site "Chess.com"]
[Date "2023.05.20"]
[Round "-"]
[White "IanCalvert2"]
[Black "Jio85"]
[Result "1/2-1/2"]
[WhiteElo "1581"]
[BlackElo "2026"]
[TimeControl "300"]
[EndTime "9:28:09 PDT"]
[Termination "Game drawn - insufficient material"]

1. b3 e5 2. Bb2 Nc6 3. e3 d6 4. Nf3 Nge7 5. d4 exd4 6. Nxd4 Nxd4 7. Qxd4 Nf5 8. Qd2 Bd7 9. Nc3 c6 10. g3 d5 11. Bg2 Nd6 12. O-O Be7 13. e4 dxe4 14. Nxe4 Nxe4 15. Bxe4 O-O 16. Rfd1 Bg4 17. Qxd8 Rfxd8 18. Rxd8+ Rxd8 19. Bd3 Bc5 20. Re1 g6 21. Kg2 Be6 22. Bc1 Bd5+ 23. Kg1 Rd6 24. Be3 Re6 25. Kf1 Bxe3 26. Rxe3 Rxe3 27. fxe3 f5 28. c4 Be6 29. e4 Kf7 30. exf5 Bxf5 31. Bxf5 gxf5 32. Kf2 Ke6 33. Ke3 Ke5 34. b4 b6 35. a4 a6 36. h3 h5 37. h4 b5 38. axb5 axb5 39. cxb5 cxb5 40. Kf3 Kd4 41. Kf4 Kc4 42. Kxf5 Kxb4 43. g4 hxg4 44. Kxg4 Kc4 45. h5 b4 46. h6 b3 47. h7 b2 48. h8=Q b1=Q 49. Qc8+ Kd4 50. Qd7+ Ke3 51. Qe6+ Kf2 52. Qf5+ Qxf5+ 53. Kxf5 1/2-1/2

[Event "Live Chess"]
[Site "Chess.com"]
[Date "2023.05.20"]
[Round "-"]
[White "Trendle"]
[Black "azimchess2019"]
[Result "1-0"]
[WhiteElo "2680"]
[BlackElo "1329"]
[TimeControl "300"]
[EndTime "9:28:14 PDT"]
[Termination "Trendle won on time"]

1. f4 e6 2. Nf3 d5 3. g3 Nf6 4. Bg2 c5 5. O-O Nc6 6. d3 Be7 7. Nc3 O-O 8. e4 dxe4 9. dxe4 Qb6 10. e5 Nd5 11. Nxd5 exd5 12. Qxd5 Be6 13. Qe4 g6 14. b3 Bf5 15. Qe2 Rad8 16. Be3 Nb4 17. Rfc1 f6 18. Bf2 Nd5 19. c3 a5 20. exf6 Bxf6 21.
Ne5 Rfe8 22. Qc4 Be6 23. Qa4 Qc7 24. Rc2 Rb8 25. Qb5 Bxe5 26. fxe5 b6 27. Re1 Rbd8 28.
h4 Kg7 29. Qe2 Ne7 30. Rd2 c4 31. bxc4 Nc8 32. Rd4 Ne7 33. Rd6 Nc8 34. Rd4 Ne7 35. Be3 Nf5 36. Rxd8 Rxd8 37. Bg5 Rf8 38. Kh2 h6 39.
Bf6+ Kh7 40. Rd1 Qxc4 41. Qxc4 Bxc4 42. Rd7+ Rf7 43. Rd8 Ng7 44. Be4 b5 45. h5 1-0

[Event "Live Chess"]
[Site "Chess.com"]
[Date "2023.05.20"]
[Round "-"]
[White "lightningorderyt"]
[Black "Bot_Boy"]
[Result "1-0"]
[WhiteElo "520"]
[BlackElo "329"]
[TimeControl "300"]
[EndTime "9:28:17 PDT"]
[Termination "lightningorderyt won on time"]

1. d4 d5 2. c4 Nf6 3. Nc3 dxc4 4.
e4 e6 5. Bxc4 Bb4 6. f3 Bxc3+ 7.
bxc3 Bd7 8. Ne2 Ng8 9. Bf4 Nc6 10. O-O Nce7 11. Qb3 Rb8 12. Bb5 Bxb5 13. Qxb5+ Kf8 14.
Qc4 Nc6 15. d5 exd5 16. exd5 Na5 17. Qc5+ Ne7 18. Qxa5 Nxd5 19. Bg3 a6 20. Nf4 Nxf4 21. Bxf4 1-0

[Event "Live Chess"]
[Site "Chess.com"]
[Date "2023.05.20"]
[Round "-"]
[White "JashonTOGM"]
[Black "stevefairhurst"]
[Result "1-0"]
[WhiteElo "1080"]
[BlackElo "523"]
[TimeControl "300"]
[EndTime "9:28:19 PDT"]
[Termination "JashonTOGM won by checkmate"]

1. d4 d5 2. c4 c5 3. cxd5 cxd4 4.
Qxd4 Nf6 5. e4 Bg4 6. Nc3 e5 7. Qxe5+ Qe7 8. Bb5+ Kd8 9. Qxe7+ Bxe7 10. e5 Nh5 11. f3 Bf5 12. g4 Nf4 13. Bxf4 Bb4 14. gxf5 Bxc3+ 15. bxc3 a6 16. Bg5+ f6 17. exf6 gxf6 18.
Bxf6+ Kc7 19. Bxh8 axb5 20. Rb1 Na6 21. Bd4 Re8+ 22. Ne2 h5 23. Rxb5 Kd6 24. Rxb7 Nc7 25. Rb6+ Kxd5 26. Rb2 h4 27. O-O Rg8+ 28. Kh1 h3 29.
Nf4+ Kc6 30. Rb6+ Kd7 31. Rd1 Kc8 32. Be5 Ne8 33. Rc6+ Kb7 34. Rc4 Ng7 35. Rb1+ Ka6 36. Ra4# 1-0

[Event "Live Chess"]
[Site "Chess.com"]
[Date "2023.05.20"]
[Round "-"]
[White "AttackingSnowLeopard"]
[Black "LiamBellwood"]
[Result "1-0"]
[WhiteElo "2017"]
[BlackElo "2106"]
[TimeControl "300"]
[EndTime "9:28:19 PDT"]
[Termination "AttackingSnowLeopard won by resignation"]

1. d4 e6 2. c4 f5 3. g3 Nf6 4.
Bg2 Be7 5. Nf3 O-O 6. O-O d6 7. Nc3 a5 8. b3 Ne4 9. Bb2 Nxc3 10. Bxc3 Qe8 11. a3 Bf6 12. Qd3 Qg6 13. b4 axb4 14. axb4 Nc6 1-0